Map: Orbital Shipyard

Players

SticklerMac - Winner!

  • Race: Terran Terran
  • League: Bronze

사포강

  • Race: Terran Terran

VOD

Have the link to the VOD?

Description

Time

  • Played on: Aug. 2, 2015, 2:26 a.m.
  • Length: 4:51
Show
View Real Time Build Order
Export as new Build Order

SticklerMac Terran - Winner!

Build Orders:  

Get SALT Encoding   

  12  0:01  SCV  
  13  0:13  SCV  
  14  0:17  Supply Depot  
  14  0:25  SCV  
  15  0:39  SCV  
  15  0:40  Barracks  
  16  0:51  SCV  
  16  0:54  Refinery  
  17  1:01  Barracks  
  17  1:03  SCV  
  18  1:15  SCV  
  19  1:19  Barracks  
  19  1:27  SCV  
  20  1:39  SCV  
  21  1:42  Supply Depot  
  21  1:45  Marine  
  22  1:49  Marine  
  23  1:58  Barracks  
  23  2:03  SCV  
  23  2:04  Barracks Tech Lab  
  24  2:19  Marine  
  24  2:20  Supply Depot, Marine  
  26  2:23  Marine  
  26  2:25  Stimpack  
  27  2:38  SCV  
  27  2:39  Refinery, Marine  
  27  2:40  Marine  
  27  2:43  Marine  
  31  2:46  Marine  
  31  2:50  SCV  
  34  3:06  Marine x3  
  34  3:07  Marine  
  37  3:14  Supply Depot  
  37  3:24  Marine x2  
  39  3:35  Marine x2  
  41  3:41  Marine  
  41  3:42  Marine  
  43  3:51  Supply Depot  
  43  3:53  Marine x2  
  45  3:59  Marine x2  
  47  4:09  Supply Depot  
  47  4:12  Marine x2  
  49  4:17  Marine x2  
  51  4:30  Marine x2  
Show
View Real Time Build Order
Export as new Build Order

사포강 Terran 

Build Orders:  

Get SALT Encoding   

  12  0:13  SCV  
  12  0:14  Supply Depot  
  13  0:25  SCV  
  14  0:37  Barracks  
  14  0:41  Supply Depot  
  14  0:45  SCV  
  15  0:57  SCV  
  16  1:09  SCV  
  17  1:21  SCV  
  18  1:34  Command Center  
  18  1:38  Orbital Command  
  18  1:47  Refinery  
  18  1:54  Refinery  
  18  2:09  SCV  
  19  2:21  SCV  
  20  2:33  SCV  
  21  2:38  Factory  
  21  2:45  Supply Depot, SCV  
  21  2:48  Engineering Bay  
  21  2:51  SCV  
  23  2:57  SCV  
  24  3:03  SCV  
  24  3:05  Factory  
  25  3:09  SCV  
  26  3:15  SCV  
  27  3:20  Missile Turret  
  27  3:21  SCV  
  27  3:23  Missile Turret  
  28  3:27  SCV, Missile Turret  
  28  3:29  Missile Turret  
  28  3:33  Factory Tech Lab  
  29  3:37  SCV  
  29  3:39  SCV  
  31  3:41  Armory  
  31  3:48  Factory Tech Lab  
  31  3:52  SCV  
  32  3:56  Refinery  
  32  3:57  Refinery  
  32  4:03  Siege Tank  
  32  4:04  SCV  
  36  4:11  Supply Depot  
  36  4:16  SCV  
  40  4:28  SCV  
Tags
 
Add a new tag
Caveats
  • Supply blocks, unpowered buildings, or Contaminate may cause inaccurate times.
  • Supply counts are checked every 10 seconds.